 Dungeon Crawl Stone Soup version 0.30-a0-634-g8abc85282e (webtiles) character file.

Game seed: 10592761558703680369

2341 Mitcholas the Cleaver (level 9, -10/54 HPs)
             Began as a Gargoyle Fighter on Jan 15, 2023.
             Mangled by an orc knight
             ... wielding a +0 halberd
              (17 damage)
             ... in a bailey.
             The game lasted 00:13:10 (5583 turns).

Mitcholas the Cleaver (Gargoyle Fighter)            Turns: 5583, Time: 00:13:11

Health: -10/54     AC: 18    Str: 25    XL:     9   Next: 43%
Magic:  0/9        EV:  6    Int:  8    God:
Gold:   465        SH:  4    Dex:  9    Spells: 8/8 levels left

rFire   . . .      SeeInvis .    y - +0 broad axe
rCold   + . .      Faith    .    c - +0 buckler
rNeg    + . .      Spirit   +    a - +0 plate armour
rPois   ∞          Reflect  .    (no helmet)
rElec   +          Harm     .    w - scarf {repulsion}
rCorr   .          Rampage  .    (no gloves)
Will    .....                    (no boots) Stlth
                                 t - amulet of guardian spirit
HPRegen 0.29/turn                u - ring of protection from cold
MPRegen 0.11/turn                (no ring)

@: repel missiles
A: sickness immunity, AC +6, negative energy resistance 1, electricity
resistance, torment resistance 1, petrification resistance
a: no special abilities


You were in a bailey.
You visited 1 branch of the dungeon, and saw 7 of its levels.
You also visited: Bailey.

You collected 465 gold pieces.

Inventory:

Hand Weapons
 y - a +0 broad axe (weapon)
Missiles
 p - 6 poisoned darts (quivered)
Armour
 a - a +0 plate armour (worn)
 c - a +0 buckler (worn)
 w - a scarf of repulsion (worn)
Jewellery
 t - an amulet of guardian spirit (around neck)
 u - a ring of protection from cold (left hand)
Wands
 v - a wand of acid (5)
Scrolls
 b - a scroll of poison
 f - a scroll of magic mapping
 g - a scroll of immolation
 j - a scroll of enchant weapon
 l - 2 scrolls of enchant armour {unknown}
 n - 2 scrolls of identify
 o - a scroll of fear
 q - a scroll of teleportation
 r - 2 scrolls of noise {unknown}
 s - 2 scrolls of fog {unknown}
Potions
 d - a potion of might
 h - a potion of attraction {unknown}
 i - a potion of lignification {unknown}
 k - 3 potions of curing
 m - a potion of ambrosia {unknown}
 x - a potion of brilliance {unknown}
 z - a potion of berserk rage {unknown}


   Skills:
 + Level 5.1 Fighting
 * Level 9.4 Axes
 + Level 5.0 Armour
 - Level 5.0 Shields
 + Level 3.0 Evocations


You had 8 spell levels left.
You didn't know any spells.
Your spell library contained the following spells:

 Spells                   Type           Power      Damage    Failure   Level
 Dazzling Flash           Conj/Hex       0%         N/A       100%        3
 Gell's Gravitas          Tloc           0%         N/A       100%        3
 Lesser Beckoning         Tloc           0%         N/A       100%        3
 Teleport Other           Tloc           0%         N/A       100%        3
 Agony                    Necr           0%         N/A       100%        5
 Silence                  Hex/Air        0%         N/A       100%        5


Dungeon Overview and Level Annotations

Branches:
Dungeon (7/15)             Temple (0/1) D:7          Bailey (1/1)

Altars:
Cheibriados
Elyvilon
Sif Muna
Trog
Xom
Zin
The Shining One

Shops:
D:4 =


Innate Abilities, Weirdness & Mutations

You are immune to sickness and miasma.
Your stone body is resilient. (AC +6)
You are immune to poison.
You resist negative energy. (rN+)
You are resistant to electric shocks. (rElec)
You are resistant to unholy torment.
You are immune to petrification.


Message History

Press: ? - help, Shift-Dir - straight line, f - orc warrior
Aim: an orc warrior, wielding a +0 glaive and wearing a +0 chain mail (severely wounded, strong, 71% to hit)
The bolt of acid hits the orc warrior!
The acid corrodes the orc warrior!
The orc warrior is moderately wounded.
The bolt of acid hits the orc warrior.
The orc warrior is moderately wounded.
The bolt of acid hits the orc warrior!
The acid corrodes the orc warrior!
The orc warrior is almost dead.
The orc warrior hits you from afar with a +0 glaive!!
* * * LOW HITPOINT WARNING * * *
Okay, then.
Okay, then.
You feel better.
The orc warrior hits you from afar with a +0 glaive!
* * * LOW HITPOINT WARNING * * *
You block the orc knight's attack.
Items here: ! ) [ †.
The orc knight roars a battlecry!
The orc warrior cheers repeatedly.
Aiming: Corrosive Bolt
Press: ? - help, Shift-Dir - straight line, p - orc warrior The bolt of acid hits the orc warrior!
The orc warrior seems to be corroded for longer.
The orc warrior is severely wounded.
The bolt of acid hits the orc warrior!
The orc warrior seems to be corroded for longer.
You kill the orc warrior!
The orc warrior closely misses you. The orc warrior barely misses you.
An orc warrior comes into view. It is wielding a +0 glaive.
Your Armour skill increases to level 5!
Your Evocations skill increases to level 3!
The orc warrior no longer looks unusually strong.
Okay, then.
There is a gate leading back out of this place here.
The orc warrior shouts!
You block the orc warrior's attack.
The orc warrior hits you from afar with a +0 glaive!
* * * LOW HITPOINT WARNING * * *
The orc knight hits you from afar with a +0 halberd!!
You die...

♣♣♣♣♣♣♣♣ ♣♣......♣♣
♣........♣
#♣..@..∩..♣#
#..........#
##..ooo.....##
#............###
#.♣............♣♣
###.♣♣.......♣.♣..♣#
♣♣................≈≈#
♣♣......#o)!.#....≈≈≈#
♣...≈≈≈≈#....#≈≈≈≈≈≈≈#


You could see an orc knight and 3 orc warriors.

Vanquished Creatures
  Maggie (D:6)
  Sigmund (D:4)
  2 orc warriors (Bailey)
  3 ice beasts (D:6)
  A black bear (D:5)
  2 ogres (D:6)
  A centaur (D:6)
  A phantom (D:5)
  A bullfrog (D:7)
  A scorpion (D:5)
  A howler monkey (D:6)
  An electric eel (D:6)
  6 hounds
  3 orc priests (D:6)
  3 jellies
  4 orc wizards
  3 iguanas
  11 gnolls
  6 adders
  A shadow imp (D:6)
  4 dart slugs
  22 orcs
  9 ball pythons
  6 endoplasms
  2 giant cockroaches
  5 goblins
  11 hobgoblins
  8 jackals
  3 quokkas
  A bat (D:3)
  6 frilled lizards
  10 kobolds
  3 rats
143 creatures vanquished.

Notes
Turn   | Place    | Note
-------+----------+-------------------------------------------
     0 | D:1      | Mitcholas the Gargoyle Fighter began the quest for the Orb.
     0 | D:1      | Reached XP level 1. HP: 14/14 MP: 1/1
    42 | D:1      | Reached skill level 2 in Axes
    81 | D:1      | Reached XP level 2. HP: 11/19 MP: 2/2
   490 | D:1      | Reached skill level 3 in Axes
   493 | D:1      | Reached XP level 3. HP: 18/23 MP: 3/3
   649 | D:2      | Reached XP level 4. HP: 10/28 MP: 4/4
   767 | D:2      | Reached skill level 4 in Axes
   941 | D:2      | Reached XP level 5. HP: 16/32 MP: 5/5
  1712 | D:3      | Reached skill level 5 in Axes
  2203 | D:3      | You fall into a shaft and drop 1 floor!
  2245 | D:4      | Noticed Sigmund
  2284 | D:4      | Killed Sigmund
  2285 | D:4      | Reached skill level 6 in Axes
  2285 | D:4      | Reached XP level 6. HP: 14/37 MP: 6/6
  2641 | D:3      | Found a shimmering altar of Xom.
  2642 | D:3      | Found a glowing golden altar of the Shining One.
  2802 | D:4      | Found a snail-covered altar of Cheibriados.
  2943 | D:4      | Found Vipn's Jewellery Boutique.
  3441 | D:5      | Entered Level 5 of the Dungeon
  3484 | D:5      | Reached XP level 7. HP: 41/41 MP: 7/7
  3650 | D:5      | Reached skill level 7 in Axes
  3765 | D:5      | Found a white marble altar of Elyvilon.
  3817 | D:5      | Reached skill level 8 in Axes
  3992 | D:5      | Reached XP level 8. HP: 46/46 MP: 8/8
  4254 | D:5      | Found a bloodstained altar of Trog.
  4258 | D:5      | Found a glowing silver altar of Zin.
  4540 | D:6      | Reached skill level 1 in Evocations
  4734 | D:6      | Noticed Maggie
  4741 | D:6      | Killed Maggie
  4830 | D:6      | Reached skill level 9 in Axes
  4830 | D:6      | Reached XP level 9. HP: 52/52 MP: 9/9
  4959 | D:6      | Found a shimmering blue altar of Sif Muna.
  5313 | D:7      | Found a flagged portal.
  5322 | D:7      | Reached skill level 5 in Fighting
  5322 | D:7      | Reached skill level 5 in Shields
  5331 | Bailey   | Entered a bailey
  5557 | Bailey   | Noticed an orc knight
  5580 | Bailey   | Reached skill level 5 in Armour
  5583 | Bailey   | Mangled by an orc knight

Illustrated notes

Levels and vault maps discovered:
D:1:      saegor_arrival_simple_d, layout_rooms
D:2:      layout_basic, hangedman_feature_mirror, dreamdust_wishing_well,
          grunt_ministairs_9
D:3:      layout_loops_ring, minitemple
D:4:      layout_cave_pods, mainiacjoe_overflow_paths,
          minmay_misc_feat_nine_boxes, nicolae_inconvenience_store, uniq_sigmund
D:5:      layout_rooms, old_standard_altar,
          chequers_temple_overflow_statue_of_worship
D:6:      layout_loops_ring, lemuel_tele_altar, kennysheep_opposing_triangles,
          uniq_maggie
D:7:      minmay_the_grid_octo_tiled_squarecenter [minmay_the_grid_octo_shrine,
          minmay_the_grid_octo_clover_2, minmay_the_grid_octo_fan_narrow,
          minmay_the_grid_octo_fat_diamond,
          minmay_the_grid_square_5x5_megaprize_diamond,
          minmay_the_grid_square_5x5_moneybag,
          minmay_the_grid_square_5x5_broken_cross,
          minmay_the_grid_square_5x5_hollow_slash,
          minmay_the_grid_square_5x5_six_small], layout_basic,
          minmay_temple_entry_statues, enter_bailey_2, serial_glass,
          glass_columns_a, glass_columns_a
Bailey:   bailey_polearm_elven_captive_hellmonk, bailey

Skill      XL: |  1  2  3  4  5  6  7  8  9 |
---------------+----------------------------+-----
Axes           | 2 3 4 6 8 9 |  9.4
Evocations     | 2 3 |  3.0
Fighting       | 4 5 |  5.1
Armour         | 4 5 |  5.0
Shields        | 4 5 |  5.0

Action                   |  1- 3 |  4- 6 |  7- 9 || total
-------------------------+-------+-------+-------++-------
Melee: War axe           |    94 |   207 |   161 ||   462
       Broad axe         |       |       |    67 ||    67
Throw: Dart              |       |     4 |     3 ||     7
Evoke: Wand              |       |       |     3 ||     3
  Use: Scroll            |       |       |     8 ||     8
       Potion            |       |       |     1 ||     1
Armor: Scale mail        |    57 |    96 |    80 ||   233
       Swamp dragon scal |       |       |    16 ||    16
       Plate armour      |       |       |    16 ||    16
Dodge: Dodged            |    74 |    94 |    89 ||   257
Block: Buckler           |    28 |    45 |    48 ||   121

Table legend: (Time is in decaauts)
 A = Elapsed time spent in this place.
 B = Non-inter-level travel time spent in this place.
 C = Inter-level travel time spent in this place.
 D = Time resting spent in this place.
 E = Time spent auto-exploring this place.
 F = Levels seen in this place.
 G = Mean time per level.
                   A        B        C        D        E       F      G
               +--------+--------+--------+--------+--------+-----+--------+
         Total |   5714 |   5386 |    328 |    467 |   3459 |   8 |  714.2 |
       Dungeon |   5459 |   5131 |    328 |    341 |   3459 |   7 |  779.9 |
        Bailey |    255 |    255 |      0 |    126 |      0 |   1 |  255.0 |
               +--------+--------+--------+--------+--------+-----+--------+

Top non-repeatable levels by time:
     D:4: 1042 daAuts
     D:2: 995 daAuts
     D:6: 946 daAuts
     D:5: 940 daAuts
     D:3: 886 daAuts
     D:1: 614 daAuts
  Bailey: 255 daAuts
     D:7: 33 daAuts
